Map: Ночной пейзаж РВ

Players

RussiaImba

  • Race: Zerg Zerg
  • Spawn Location: 1:00

lowIqProtoss

  • Race: Terran Terran
  • League: Platinum
  • Spawn Location: 1:00

Kantara - Winner!

  • Race: Terran Terran
  • League: Master
  • Spawn Location: 7:00

Zilord - Winner!

  • Race: Protoss Protoss
  • League: Diamond
  • Spawn Location: 7:00

VOD

Have the link to the VOD?

Description

Time

  • Played on: Dec. 30, 2020, 9:59 p.m.
  • Length: 22:44
Show
View Real Time Build Order
Export as new Build Order

RussiaImba Zerg 

Build Orders: Hatch First, Brood Lord Corruptor 

Get SALT Encoding   

  12  0:00  Drone  
  13  0:13  Overlord  
  13  0:17  Drone  
  14  0:32  Drone x2  
  16  0:38  Drone  
  17  0:47  Drone  
  18  1:01  Hatchery  
  17  1:09  Spawning Pool  
  16  1:12  Drone  
  17  1:18  Drone  
  17  1:20  Drone  
  17  1:22  Extractor  
  18  1:30  Drone  
  19  1:42  Overlord  
  19  1:56  Queen  
  19  1:57  Zergling x2  
  22  2:13  Drone  
  22  2:14  Drone  
  24  2:15  Queen  
  26  2:24  Drone x2  
  26  2:28  Drone  
  29  2:30  Metabolic Boost  
  29  2:33  Extractor  
  28  2:38  Drone x2  
  30  2:50  Drone x2  
  32  2:55  Overlord  
  32  3:07  Drone x2  
  32  3:08  Drone x2  
  35  3:18  Roach Warren  
  34  3:29  Drone  
  34  3:31  Drone x5, Overlord  
  40  3:37  Lair  
  40  3:41  Zergling x4  
  42  3:47  Overlord  
  42  3:54  Spine Crawler  
  41  3:56  Evolution Chamber  
  41  3:58  Roach  
  41  4:01  Roach  
  44  4:06  Roach x2  
  44  4:07  Roach x4  
  56  4:12  Drone  
  57  4:18  Roach  
  57  4:20  Overlord  
  59  4:25  Overlord  
  59  4:26  Zerg Missile Weapons Level 1  
  59  4:35  Glial Reconstitution  
  59  4:41  Extractor, Drone x7  
  65  4:49  Spore Crawler  
  64  4:55  Overlord  
  64  4:56  Drone x2  
  66  5:10  Overlord  
  66  5:14  Roach x3  
  68  5:15  Hatchery  
  68  5:19  Overlord  
  71  5:32  Extractor, Drone x4  
  74  5:40  Overseer  
  74  5:42  Evolution Chamber  
  73  5:44  Spire  
  72  6:10  Infestation Pit  
  71  6:15  Roach  
  71  6:16  Roach x10  
  87  6:40  Drone  
  87  6:41  Drone x7  
  95  6:47  Hive  
  95  7:00  Queen  
  97  7:01  Drone  
  97  7:02  Drone x6  
  104  7:13  Overseer  
  104  7:15  Pneumatized Carapace  
  104  7:17  Zerg Missile Weapons Level 2  
  104  7:27  Zerg Ground Armor Level 1  
  104  7:30  Extractor  
  104  7:32  Drone x2  
  104  7:33  Drone, Overlord  
  104  7:34  Extractor, Overlord  
  105  7:56  Corruptor x3  
  108  8:31  Greater Spire  
  108  8:46  Zergling x2  
  108  8:47  Zergling x26  
  122  8:48  Overlord  
  122  8:49  Overlord x3  
  119  9:01  Overlord x2  
  116  9:22  Spore Crawler  
  115  9:38  Corruptor x5  
  117  9:45  Zerg Ground Armor Level 2, Zerg Missile Weapons Level 3  
  125  9:47  Brood Lord  
  125  9:48  Brood Lord x2  
  131  9:58  Zergling x14  
  131  9:59  Zergling x12  
  144  10:10  Zerg Flyer Weapons Level 1  
  131  10:26  Roach x9  
  104  10:38  Zergling x2  
  104  10:39  Zergling x4  
  90  11:02  Roach x10  
  100  11:10  Brood Lord x2  
  100  11:17  Corruptor x2  
  104  11:25  Hydralisk Den  
  103  11:30  Overseer  
  103  11:48  Brood Lord  
  103  11:52  Brood Lord  
  107  11:56  Hydralisk x6  
  107  12:01  Grooved Spines  
  119  12:19  Hydralisk  
  119  12:20  Hydralisk x4  
  129  12:40  Hydralisk x5  
  132  13:08  Zergling x14  
  132  13:09  Zergling x14  
  132  13:11  Overlord x3  
  132  13:12  Overlord  
  146  13:33  Hydralisk x5  
  156  13:48  Hydralisk x5  
  158  14:00  Hydralisk  
  158  14:01  Hydralisk x2  
  145  14:08  Hydralisk x2  
  133  14:17  Hydralisk x2  
  133  14:18  Hydralisk  
  139  14:35  Hydralisk x4  
  139  14:36  Hydralisk  
  149  14:44  Hydralisk  
  149  14:45  Hydralisk  
  142  15:01  Swarm Host  
  142  15:06  Hydralisk x3  
  142  15:07  Hydralisk x2  
  113  15:41  Hydralisk  
  105  15:43  Hydralisk  
  105  15:45  Hydralisk x6  
  105  15:46  Hydralisk x4  
  123  16:03  Hydralisk  
  107  16:04  Hydralisk x6  
  103  16:16  Corruptor x2  
  107  16:19  Zerg Ground Armor Level 3  
  107  16:20  Zerg Melee Weapons Level 1  
  107  16:23  Adrenal Glands  
  107  16:28  Roach x4  
  115  16:39  Corruptor x3  
  121  16:50  Corruptor x4  
  121  16:51  Corruptor x4  
  137  16:55  Brood Lord  
  137  16:56  Brood Lord  
  141  17:04  Muscular Augments  
  141  17:09  Roach  
  141  17:10  Roach x6  
  155  17:17  Brood Lord  
  155  17:18  Brood Lord  
  155  17:19  Brood Lord  
  159  17:45  Hydralisk x5  
  153  18:12  Roach x2  
  138  18:13  Roach x7  
  120  18:33  Brood Lord x3  
  120  18:34  Brood Lord x4  
  128  18:36  Corruptor x6  
  140  18:45  Roach  
  142  18:52  Corruptor  
  142  18:53  Corruptor  
  146  19:01  Hatchery, Hydralisk x3  
  151  19:19  Hydralisk x9  
  169  19:35  Hydralisk x2  
  169  19:36  Hydralisk  
  169  19:37  Hydralisk x2  
  163  19:41  Corruptor x3  
  161  19:54  Hydralisk  
  161  19:55  Hydralisk x3  
  165  20:10  Roach x5  
  155  20:24  Brood Lord x3  
  155  20:31  Zergling x8  
  155  20:32  Zergling x6  
  130  21:13  Hydralisk x8  
  123  22:09  Roach  
  123  22:10  Roach x5  
Show
View Real Time Build Order
Export as new Build Order

lowIqProtoss Terran 

Build Orders: 2 Factory, Mech 

Get SALT Encoding   

  12  0:03  SCV  
  13  0:16  SCV  
  14  0:21  Supply Depot  
  14  0:26  Refinery  
  14  0:29  SCV  
  15  0:44  Barracks  
  15  0:45  SCV  
  16  0:58  SCV  
  17  1:10  SCV  
  18  1:22  SCV  
  19  1:36  Command Center  
  19  1:47  Factory  
  19  1:48  Barracks Reactor  
  19  1:58  Orbital Command  
  19  2:14  Supply Depot  
  19  2:25  SCV  
  19  2:27  Factory  
  20  2:38  Hellion x2  
  24  2:44  SCV  
  25  2:54  Refinery  
  25  2:56  SCV  
  26  2:59  Hellion x2  
  30  3:11  Orbital Command  
  30  3:13  Factory Tech Lab  
  30  3:17  SCV  
  31  3:29  SCV  
  31  3:34  Siege Tank  
  35  3:42  SCV  
  35  3:43  SCV  
  37  3:52  Starport  
  37  3:53  Refinery  
  37  3:54  SCV  
  37  3:55  SCV  
  39  3:56  Supply Depot  
  39  4:10  SCV x2  
  41  4:19  Command Center  
  41  4:20  Siege Tank  
  41  4:23  SCV  
  41  4:24  SCV  
  46  4:35  Starport Reactor, Supply Depot, SCV  
  47  4:39  Viking  
  47  4:42  Widow Mine x2  
  47  4:44  SCV  
  54  4:57  SCV  
  54  4:58  Cyclone, SCV  
  59  5:06  Supply Depot  
  59  5:09  SCV  
  59  5:12  SCV  
  61  5:14  Starport Reactor  
  61  5:21  SCV  
  61  5:22  Armory  
  61  5:23  Armory  
  61  5:28  SCV  
  63  5:30  Supply Depot  
  63  5:35  Siege Tank  
  66  5:36  Orbital Command  
  66  5:38  SCV  
  66  5:41  Refinery  
  54  5:53  SCV  
  53  6:01  Starport  
  53  6:04  Viking x2  
  55  6:07  SCV  
  55  6:09  SCV  
  59  6:11  Terran Vehicle Weapons Level 1  
  54  6:19  SCV  
  57  6:26  Hellion, SCV  
  58  6:33  SCV  
  59  6:40  Terran Vehicle And Ship Armor Level 1  
  59  6:43  SCV  
  59  6:45  SCV  
  61  6:48  Siege Tank  
  61  6:49  Starport Reactor, Hellion x2  
  68  6:56  Factory  
  68  6:58  SCV x2  
  68  6:59  Orbital Command  
  70  7:05  Viking  
  70  7:06  Command Center  
  72  7:08  Viking  
  72  7:10  SCV  
  75  7:21  Engineering Bay  
  75  7:22  Siege Tank  
  78  7:25  SCV x3  
  81  7:37  SCV x3  
  82  7:44  Factory Tech Lab  
  82  7:45  Liberator  
  82  7:49  SCV  
  86  7:54  Siege Tank  
  89  7:59  SCV x2  
  89  8:04  SCV  
  92  8:06  Refinery  
  92  8:07  Refinery  
  92  8:11  SCV  
  93  8:17  Siege Tank, Viking x2  
  100  8:20  SCV  
  100  8:21  SCV  
  102  8:27  Supply Depot  
  102  8:28  Siege Tank, Supply Depot  
  105  8:35  Missile Turret  
  105  8:36  Missile Turret  
  105  8:37  Missile Turret  
  105  8:39  Terran Ship Weapons Level 1  
  105  8:52  Supply Depot  
  105  8:53  Command Center  
  105  8:54  Siege Tank, Viking  
  110  9:08  SCV  
  112  9:10  SCV x2  
  112  9:15  Siege Tank  
  116  9:18  Terran Vehicle Weapons Level 2  
  116  9:20  SCV  
  116  9:22  SCV x2  
  119  9:32  Missile Turret, SCV  
  119  9:34  SCV  
  121  9:38  Armory  
  121  9:43  Factory  
  121  9:45  Siege Tank  
  124  9:46  Hellion x2  
  124  9:48  Orbital Command  
  128  9:59  Siege Tank  
  131  10:02  Viking x2  
  131  10:04  SCV x3  
  138  10:08  Hellion x2  
  142  10:16  SCV x3  
  145  10:28  SCV  
  90  10:51  Factory Tech Lab  
  90  10:52  Siege Tank x2  
  90  10:53  Viking  
  90  10:54  Viking  
  97  11:15  Siege Tank  
  97  11:17  Terran Vehicle And Ship Armor Level 2  
  97  11:18  Terran Ship Weapons Level 2  
  100  11:24  Factory  
  100  11:25  Siege Tank x2  
  106  11:27  Refinery  
  106  11:28  Refinery  
  106  11:33  Command Center  
  106  11:36  Liberator  
  109  11:45  Command Center  
  113  11:47  Hellion x2  
  113  11:50  Liberator  
  113  11:51  Liberator  
  119  12:01  Siege Tank  
  119  12:07  Hellion x2  
  128  12:08  Hellion  
  128  12:21  Factory Tech Lab  
  128  12:23  Liberator x2  
  128  12:29  Terran Vehicle Weapons Level 3  
  132  12:40  Siege Tank x2  
  97  12:59  Siege Tank  
  97  13:00  Siege Tank  
  96  13:12  Siege Tank  
Show
View Real Time Build Order
Export as new Build Order

Kantara Terran - Winner!

Build Orders: 2 Factory, Mech 

Get SALT Encoding   

  12  0:00  SCV  
  13  0:12  SCV  
  14  0:17  Supply Depot  
  14  0:24  SCV  
  15  0:30  Refinery  
  15  0:38  SCV  
  16  0:49  Barracks  
  16  0:51  SCV  
  17  1:03  SCV  
  18  1:09  Refinery  
  18  1:15  SCV  
  19  1:27  SCV  
  20  1:39  Factory  
  20  1:42  Reaper  
  20  1:44  Orbital Command  
  21  1:55  Supply Depot  
  21  2:12  SCV  
  22  2:24  SCV  
  22  2:25  Factory Reactor  
  23  2:32  Factory  
  23  2:45  Barracks Tech Lab  
  23  2:46  SCV  
  23  2:50  Command Center  
  24  2:58  SCV  
  25  3:13  Hellion x2  
  29  3:21  Starport  
  29  3:22  SCV  
  30  3:34  SCV  
  31  3:45  Supply Depot  
  31  4:02  Starport Reactor, Siege Tank, Hellion x2, SCV  
  39  4:06  Factory  
  40  4:13  Orbital Command  
  40  4:14  SCV  
  40  4:26  SCV  
  41  4:33  Hellion x2  
  41  4:34  Cyclone  
  41  4:38  SCV  
  49  4:46  Refinery  
  49  4:47  SCV, Refinery  
  49  4:50  SCV  
  49  4:52  Factory Tech Lab  
  51  4:54  Liberator  
  54  5:11  Supply Depot  
  54  5:12  Supply Depot  
  54  5:32  Liberator  
  54  5:33  Cyclone, SCV x2  
  54  5:34  Hellion x2  
  54  5:35  Supply Depot  
  66  5:36  Supply Depot  
  66  5:53  SCV x2  
  66  5:57  Cyclone  
  71  5:59  Supply Depot  
  71  6:05  SCV  
  71  6:10  Liberator  
  75  6:19  Command Center  
  75  6:24  SCV x2  
  77  6:29  Cyclone, Engineering Bay  
  80  6:41  Cyclone  
  80  6:42  Hellion x2  
  80  6:43  SCV x2  
  86  6:55  SCV x2  
  86  7:01  Cyclone  
  91  7:06  Missile Turret  
  91  7:12  Missile Turret  
  91  7:14  Liberator  
  94  7:23  Supply Depot  
  94  7:31  Liberator, Cyclone, Hellion x2, SCV x2  
  94  7:33  Missile Turret, Hellion  
  109  7:44  SCV x2  
  109  7:47  Orbital Command  
  109  7:50  Supply Depot  
  107  7:53  Hellion  
  107  7:56  SCV x2  
  107  7:57  Supply Depot  
  111  8:00  Supply Depot  
  111  8:04  Refinery  
  111  8:08  SCV x2  
  111  8:09  Liberator  
  111  8:11  Cyclone  
  111  8:12  Cyclone  
  119  8:13  Liberator, Hellion  
  124  8:20  SCV x2  
  126  8:33  Fusion Core, Hi-Sec Auto Tracking  
  126  8:34  SCV  
  126  8:35  SCV x2  
  126  8:38  Refinery  
  129  8:44  Cyclone  
  129  8:46  SCV  
  129  8:47  SCV  
  131  9:16  Cyclone  
  131  9:18  Hellion x2  
  131  9:23  Starport  
  135  9:29  Factory  
  135  9:31  Supply Depot  
  135  9:32  Supply Depot, Factory  
  135  9:34  Neosteel Armor  
  135  9:35  Supply Depot x2  
  135  9:36  Supply Depot  
  135  9:39  Hellion x2  
  139  9:53  Cyclone  
  139  9:55  SCV x3  
  139  9:59  Supply Depot  
  145  10:03  Supply Depot  
  145  10:05  Supply Depot  
  145  10:06  Supply Depot  
  145  10:07  Command Center, SCV  
  145  10:11  Advanced Ballistics  
  138  10:25  Cyclone  
  127  10:29  Supply Depot x2  
  127  10:33  Supply Depot  
  90  10:57  Cyclone  
  93  11:06  Factory Tech Lab x2  
  93  11:08  Starport Reactor  
  93  11:09  Liberator  
  93  11:10  Liberator  
  99  11:22  Armory  
  99  11:25  Armory  
  99  11:29  Cyclone, Hellion x3  
  99  11:30  Hellion x2, Weapon Refit  
  112  11:36  Refinery  
  112  11:39  Refinery  
  112  11:40  SCV x3  
  115  11:51  Hellion x5  
  115  11:52  SCV  
  126  12:00  Liberator  
  129  12:01  Cyclone  
  132  12:12  Cyclone, Hellion x4  
  143  12:33  Cyclone x2  
  143  12:34  Cyclone  
  152  12:37  Orbital Command  
  152  12:41  SCV x3  
  155  12:44  Cyclone  
  155  12:50  Hellion x2  
  162  12:53  SCV  
  163  13:03  Infernal Pre-Igniter  
  163  13:04  Mag-Field Accelerator  
  163  13:05  Cyclone x2  
  163  13:06  Cyclone, Terran Vehicle And Ship Armor Level 1  
  163  13:09  Terran Vehicle Weapons Level 1  
  163  13:12  Hellion x2  
  176  13:17  Cyclone  
  179  13:33  Hellion x2  
  183  13:37  Cyclone  
  183  13:38  Cyclone, Hellion  
  165  13:49  Cyclone  
  162  13:59  Cyclone  
  136  14:10  Cyclone x2, Hellion x2  
  143  14:21  Cyclone  
  146  14:28  Liberator x2  
  146  14:30  Smart Servos  
  152  14:31  Cyclone  
  152  14:32  Hellion x2  
  152  14:34  Command Center  
  152  14:36  Refinery  
  159  14:38  Refinery  
  159  14:42  Cyclone x2  
  121  14:53  Hellion x3  
  121  15:03  Cyclone  
  110  15:14  Cyclone x3, Hellion  
  98  15:15  Hellion  
  102  15:35  Cyclone  
  102  15:36  Hellion x2  
  103  15:46  Cyclone x3  
  94  15:57  Orbital Command, Hellion x2  
  98  16:04  SCV  
  98  16:05  SCV x2  
  98  16:07  Cyclone  
  104  16:16  SCV  
  104  16:18  Cyclone x3  
  108  16:19  Hellion x2  
  118  16:39  Cyclone  
  121  16:46  Hellion  
  125  16:47  Hellion  
  125  16:49  Terran Vehicle And Ship Armor Level 2  
  125  16:50  Cyclone x3  
  125  16:53  Terran Vehicle Weapons Level 2  
  134  17:05  Command Center  
  134  17:08  Hellion x2  
  138  17:10  Refinery  
  138  17:12  Cyclone  
  138  17:14  Refinery  
  141  17:22  Cyclone x2  
  142  17:23  Cyclone  
  142  17:29  Hellion  
  150  17:30  Hellion  
  148  17:44  Cyclone  
  143  17:50  Hellion  
  147  17:51  Hellion  
  147  17:54  Cyclone  
  147  17:55  Cyclone x2  
  137  18:16  Cyclone  
  129  18:27  Hellion x3  
  127  18:28  Hellion  
  127  18:29  Hellion  
  125  18:43  Orbital Command  
  125  18:48  Cyclone x3, Hellion  
  133  18:49  Hellion  
  133  18:50  Hellion  
  140  18:59  Command Center  
  140  19:08  Terran Vehicle And Ship Armor Level 3  
  140  19:09  Terran Vehicle Weapons Level 3, Cyclone  
  143  19:11  Hellion x2  
  147  19:20  Hellion x2  
  147  19:21  Hellion  
  151  19:32  Hellion  
  151  19:33  Hellion  
  132  19:41  Hellion  
  132  19:42  Hellion x3  
  128  19:53  Hellion  
  128  19:54  Hellion  
  129  20:03  Hellion x4  
  119  20:15  Hellion x2  
  111  20:24  Cyclone x4  
  94  20:36  Hellion  
  94  20:37  Hellion  
  94  20:40  Orbital Command  
  98  20:56  Cyclone x3  
  98  20:57  Cyclone  
  110  20:58  Hellion x2  
  110  21:00  Factory  
  110  21:01  Factory  
  110  21:03  Factory  
  110  21:04  Factory x2  
  114  21:19  Hellion  
  114  21:20  Hellion  
  118  21:28  Cyclone x3  
  118  21:29  Cyclone  
  118  21:32  Hellion x10  
  130  21:40  Hellion, Refinery  
  130  21:41  Hellion  
  130  21:47  Factory Tech Lab x5  
  134  22:00  Cyclone x2  
  134  22:01  Cyclone x2  
  136  22:11  Cyclone x5  
Show
View Real Time Build Order
Export as new Build Order

Zilord Protoss - Winner!

Build Orders: Archon Immortal 

Get SALT Encoding   

  12  0:02  Probe  
  13  0:14  Probe  
  14  0:26  Probe  
  14  0:27  Pylon  
  15  0:44  Assimilator  
  15  0:45  Probe  
  16  0:54  Gateway  
  16  0:58  Probe (Chrono Boost)  
  17  1:09  Probe (Chrono Boost)  
  18  1:14  Probe (Chrono Boost)  
  19  1:24  Probe (Chrono Boost)  
  20  1:30  Assimilator  
  20  1:32  Probe (Chrono Boost)  
  21  1:38  Probe  
  21  1:41  Cybernetics Core  
  22  1:50  Probe  
  22  1:52  Nexus  
  23  1:57  Pylon  
  23  2:15  Probe  
  23  2:19  Robotics Facility  
  24  2:27  Probe (Chrono Boost)  
  26  2:38  Warp Gate  
  26  2:39  Probe (Chrono Boost)  
  26  2:43  Probe (Chrono Boost)  
  27  2:54  Probe  
  28  3:06  Probe  
  28  3:08  Observer  
  30  3:14  Twilight Council  
  30  3:15  Gateway  
  30  3:18  Probe (Chrono Boost)  
  30  3:19  Gateway  
  31  3:21  Gateway  
  31  3:26  Probe (Chrono Boost)  
  32  3:31  Probe (Chrono Boost)  
  32  3:32  Assimilator  
  33  3:37  Probe (Chrono Boost)  
  33  3:38  Probe (Chrono Boost)  
  35  3:41  Probe (Chrono Boost), Warp Prism  
  35  3:44  Probe  
  39  3:52  Probe  
  40  3:56  Probe  
  41  4:04  Probe  
  41  4:08  Probe  
  41  4:09  Observer  
  43  4:11  Dark Shrine  
  43  4:18  Pylon  
  43  4:21  Pylon  
  43  4:45  Immortal  
  47  4:48  Probe x2  
  47  4:51  Assimilator  
  49  5:00  Probe x2  
  51  5:12  Probe  
  52  5:14  Nexus  
  52  5:23  Pylon  
  52  5:24  Immortal  
  52  5:26  Dark Templar x3, Pylon  
  60  5:55  Dark Templar  
  58  5:58  Dark Templar  
  58  5:59  Dark Templar x2  
  64  6:06  Pylon  
  64  6:07  Pylon  
  64  6:10  Pylon  
  63  6:12  Shadow Stride  
  55  6:29  Immortal  
  59  6:36  Pylon  
  59  6:38  Probe x3, Forge  
  62  6:40  Forge  
  62  6:41  Shield Battery  
  62  6:44  Shield Battery  
  62  6:46  Shield Battery  
  62  6:50  Probe  
  62  6:51  Probe x2  
  65  6:54  Gateway  
  65  6:55  Gateway  
  65  6:57  Gateway  
  65  6:59  Gateway  
  65  7:01  Templar Archives  
  65  7:02  Probe, Charge  
  65  7:03  Probe x2  
  65  7:08  Immortal, Dark Templar x2  
  76  7:17  Probe  
  76  7:18  Probe x2  
  79  7:23  Sentry  
  79  7:24  Archon  
  79  7:29  Probe  
  82  7:30  Probe x2  
  84  7:41  Probe  
  84  7:42  Photon Cannon  
  85  7:45  Photon Cannon  
  85  7:47  Protoss Ground Weapons Level 1, Photon Cannon  
  85  7:49  Pylon  
  85  7:53  Pylon  
  85  7:54  Assimilator  
  85  8:00  Photon Cannon  
  85  8:03  Photon Cannon  
  85  8:07  Immortal  
  85  8:08  Nexus  
  89  8:24  High Templar  
  89  8:25  High Templar  
  93  8:28  Zealot  
  93  8:29  Zealot x5  
  93  8:31  Archon  
  105  8:40  Robotics Facility  
  105  8:41  Robotics Facility  
  105  8:59  Protoss Air Weapons Level 1, Pylon  
  105  9:00  Pylon  
  105  9:06  High Templar  
  105  9:08  Zealot x2  
  105  9:09  Zealot x5  
  121  9:13  Psionic Storm  
  121  9:26  Photon Cannon  
  121  9:27  Photon Cannon  
  121  9:29  Photon Cannon x2  
  121  9:31  Photon Cannon x2  
  121  9:34  Photon Cannon  
  121  9:36  Shield Battery  
  121  9:37  Shield Battery  
  121  9:44  Probe x4  
  125  9:48  Pylon  
  125  9:50  High Templar  
  125  9:51  High Templar  
  125  9:52  Pylon  
  129  9:55  Archon  
  129  9:56  Probe x3, Pylon  
  132  10:13  Photon Cannon  
  132  10:16  Photon Cannon  
  132  10:20  Photon Cannon  
  132  10:23  Photon Cannon  
  132  10:24  Zealot x4, Photon Cannon  
  132  10:25  Zealot  
  128  10:30  Photon Cannon  
  128  10:32  Photon Cannon  
  90  11:06  High Templar x3  
  90  11:07  High Templar x4  
  90  11:09  Zealot  
  106  11:23  Archon x2  
  106  11:24  Archon  
  106  11:25  Probe x4  
  107  11:31  Assimilator x2  
  110  11:37  Probe x2  
  110  11:38  Probe  
  113  11:44  Nexus  
  113  11:54  Pylon  
  113  11:56  Stalker x5  
  113  11:57  Pylon  
  123  12:03  Stargate  
  123  12:04  Stargate  
  123  12:07  Robotics Bay  
  123  12:13  Probe  
  123  12:14  Probe x3  
  127  12:25  Probe  
  127  12:28  Zealot x2  
  127  12:29  Zealot x6  
  126  13:12  High Templar x3  
  130  13:13  High Templar x2  
  136  13:24  Assimilator  
  136  13:25  Assimilator  
  136  13:29  Pylon, Disruptor  
  136  13:32  Pylon  
  136  13:33  Pylon  
  136  13:34  Pylon  
  139  13:36  Pylon  
  139  13:38  Pylon  
  87  14:22  Stalker x4  
  87  14:23  Blink (Chrono Boost), Stalker x2  
  95  14:26  Colossus  
  95  14:30  Stalker x2  
  99  14:37  Probe  
  106  14:49  Probe  
  107  14:55  Stalker x2  
  107  14:56  Stalker x5  
  121  15:01  Probe  
  121  15:02  Nexus  
  121  15:06  Assimilator  
  122  15:10  Pylon  
  122  15:12  Pylon  
  114  15:14  Pylon  
  114  15:18  Pylon  
  114  15:20  Pylon  
  95  15:22  Zealot  
  95  15:23  Zealot x6  
  95  15:24  Zealot, Assimilator  
  91  15:45  Stalker x3  
  91  15:46  Stalker x5  
  99  16:21  Void Ray x2  
  99  16:22  Extended Thermal Lance, Nexus, Colossus  
  99  16:23  Colossus, Pylon  
  111  16:26  Pylon  
  111  16:27  Pylon  
  111  16:31  Pylon  
  119  16:33  Pylon  
  119  16:37  Assimilator  
  119  16:40  Assimilator  
  119  16:46  Stalker x5  
  129  16:47  Stalker  
  129  16:54  Probe x5, Assimilator  
  133  16:58  Stalker x2  
  140  17:06  Probe x4  
  144  17:18  Zealot x3  
  144  17:19  Zealot x3  
  156  17:34  Gateway x2  
  156  17:37  Gateway  
  156  17:38  Gateway  
  156  17:39  Protoss Ground Weapons Level 2  
  156  17:40  Protoss Shields Level 1  
  156  17:41  Gateway  
  156  17:42  Gateway  
  156  17:47  Gateway x2  
  156  18:04  Observer  
  93  18:28  Stalker x4  
  93  18:29  Stalker x4, Disruptor (Chrono Boost)  
  93  18:30  Disruptor (Chrono Boost)  
  115  18:55  Disruptor (Chrono Boost)  
  118  19:11  Fleet Beacon  
  118  19:13  Stargate, Void Ray  
  118  19:15  Stargate  
  121  19:46  Void Ray (Chrono Boost)  
  121  19:51  Photon Cannon  
  121  19:54  Photon Cannon  
  121  19:55  Photon Cannon  
  109  20:19  Zealot x5  
  109  20:20  Zealot x4  
  120  20:28  Void Ray x4 (Chrono Boost)  
  107  20:47  Zealot x5  
  107  20:48  Zealot x6  
  107  20:49  Zealot x5  
  137  20:58  Void Ray x3 (Chrono Boost)  
  137  20:59  Void Ray (Chrono Boost)  
  127  21:09  Zealot x3  
  127  21:10  Zealot x6  
  127  21:11  Zealot x4  
  139  21:12  Zealot x3  
  139  21:13  Probe x2  
  139  21:14  Probe x2  
  153  21:25  Probe x2  
  147  21:26  Probe  
  147  21:29  Void Ray (Chrono Boost)  
  147  21:30  Void Ray x2 (Chrono Boost)  
  147  21:32  Zealot x4  
  149  21:33  Zealot x4  
  149  21:34  Zealot x3  
  149  21:35  Zealot x5  
  101  21:58  Tempest (Chrono Boost)  
  101  22:00  Zealot x5  
  101  22:01  Zealot x5  
  119  22:02  Zealot x5  
  119  22:03  Zealot  
  119  22:07  Tempest x3 (Chrono Boost)  
  121  22:40  Nexus  
Tags
 
Add a new tag
Caveats
  • Supply blocks, unpowered buildings, or Contaminate may cause inaccurate times.
  • Supply counts are checked every 10 seconds.